 Dungeon Crawl Stone Soup version 0.26-b1-32-g5d43845318 (webtiles) character file.

Game seed: 10818554608976406752

212490 Armakuni the Alchemist (level 18, -6/261 HPs)
             Began as a Troll Hedge Wizard on Jan 9, 2021.
             Was a Priest of Elyvilon.
             Killed by the air
             ... invoked by a wind drake
              (22 damage)
             ... on level 4 of the Shoals.
             The game lasted 02:34:54 (35588 turns).

Armakuni the Alchemist (Troll Hedge Wizard)        Turns: 35588, Time: 02:34:55

Health: -6/261     AC: 16    Str: 33    XL:     18   Next: 24%
Magic:  7/26       EV:  8    Int: 22    God:    Elyvilon [***...]
Gold:   2837       SH:  0    Dex:  9    Spells: 9/25 levels left

rFire    + + .     SeeInvis .     - Unarmed
rCold    + . .     Faith    .   (shield currently unavailable)
rNeg     . . .     Spirit   .   (armour currently unavailable)
rPois    +         Reflect  .   (helmet currently unavailable)
rElec    +         Harm     .   (cloak currently unavailable)
rCorr    .         Rampage  .   (gloves unavailable)
Will     ++...     Rnd*Rage +   (boots unavailable)
Stlth    +.........             E - amulet of Tender Moments {RegenMP rElec rC++}
HPRegen  0.93/turn              I - +6 ring of intelligence
MPRegen  0.45/turn              W - ring of wizardry

@: lethally poisoned (-6 -> -19), about to teleport, dragon-form, flying,
mesmerised
A: giant, unfitting armour, berserk 1, strong-willed 1, regeneration 1, wild
magic 1
}: 1/15 runes: gossamer
a: Breathe Fire, Stop Flying, End Transformation, Renounce Religion, Lesser
Healing, Heal Other, Purification, Divine Protection


You were on level 4 of the Shoals.
You worshipped Elyvilon.
Elyvilon was most pleased with you.
You were a fearsome dragon!
You visited 6 branches of the dungeon, and saw 31 of its levels.
You also visited: Sewer, Bailey, Ice Cave and Volcano.

You collected 3703 gold pieces.
You spent 866 gold pieces at shops.

Inventory:

Missiles
 d - 19 atropa-tipped darts
 o - 7 large rocks
 r - 106 boomerangs (quivered)
 F - 19 javelins
 J - 4 throwing nets
 R - 2 curare-tipped darts
Armour
 u - a +4 troll leather armour (melded)
 w - a +0 cloak (melded)
 x - a +2 hat (melded)
 C - a +0 kite shield
Jewellery
 E - the amulet of Tender Moments (around neck) {RegenMP rElec rC++}
   (You acquired it on level 14 of the Dungeon)

   [amulet of magic regeneration]

   It increases your magic regeneration.
   It greatly protects you from cold.
   It insulates you from electricity.
 I - a +6 ring of intelligence (left foreclaw)
 M - an uncursed ring of poison resistance
 N - an uncursed ring of see invisible
 W - a ring of wizardry (right foreclaw)
Wands
 v - a wand of digging (4)
 O - a wand of polymorph (2)
 P - a wand of acid (4)
 S - a wand of disintegration (16)
Scrolls
 c - 11 scrolls of identify
 f - 3 scrolls of blinking
 h - 5 scrolls of magic mapping
 j - 16 scrolls of teleportation
 l - 2 scrolls of enchant weapon
 m - a scroll of fear
 n - 10 scrolls of remove curse
 q - a scroll of noise
 s - 4 scrolls of immolation
 y - 4 scrolls of amnesia
 z - a scroll of brand weapon
 B - 2 scrolls of vulnerability
 G - 3 scrolls of fog
 Q - 4 scrolls of enchant armour
Potions
 a - 5 potions of brilliance
 b - a potion of ambrosia
 e - 5 potions of curing
 k - 4 potions of mutation
 p - 3 potions of resistance
 t - 2 potions of lignification
 D - 3 potions of attraction
 L - a potion of might
Miscellaneous
 A - a tin of tremorstones (1/2)
 H - a box of beasts (inert)
 K - a phantom mirror (inert)


   Skills:
 - Level 10.0 Fighting
 - Level 9.5 Throwing
 - Level 7.3 Dodging
 - Level 1.0 Stealth
 - Level 9.0 Unarmed Combat
 + Level 4.2 Spellcasting
 - Level 0.6 Conjurations
 - Level 0.6 Summonings
 - Level 3.0 Translocations
 - Level 17.0 Transmutations
 - Level 12.0 Invocations
 - Level 4.0 Evocations


You had 9 spell levels left.
You knew the following spells:

 Your Spells              Type           Power        Failure   Level
b - Blink                 Tloc           N/A          3%          2
d - Dragon Form           Tmut           40%          5%          7
w - Wereblood             Tmut           81%          1%          2
y - Yara's Violent Unrav  Hex/Tmut       26%          5%          5

Your spell library contained the following spells:

 Spells                   Type           Power        Failure   Level
 Beastly Appendage        Tmut           100%         1%          1
 Sting                    Tmut/Pois      100%         1%          1
 Spider Form              Tmut/Pois      26%          1%          3
 Blade Hands              Tmut           40%          1%          5
 Hydra Form               Tmut           40%          1%          6
 Ignite Poison            Fire/Tmut/Pois 38%          2%          3
 Ice Form                 Ice/Tmut       53%          2%          4
 Magic Dart               Conj           36%          5%          1
 Irradiate                Conj/Tmut      27%          5%          5
 Animate Skeleton         Necr           12%          6%          1
 Foxfire                  Conj/Fire      28%          6%          1
 Pain                     Necr           24%          6%          1
 Gell's Gravitas          Tloc           11%          6%          3
 Lesser Beckoning         Tloc           11%          6%          3
 Teleport Other           Tloc           23%          6%          3
 Call Imp                 Summ           9%           8%          2
 Searing Ray              Conj           18%          8%          2
 Corpse Rot               Necr/Air       N/A          10%         2
 Poisonous Vapours        Pois/Air       12%          10%         2
 Slow                     Hex            6%           10%         2
 Sublimation of Blood     Necr           3%           10%         2
 Conjure Flame            Conj/Fire      7%           16%         3
 Dazzling Flash           Conj/Hex       14%          16%         3
 Mephitic Cloud           Conj/Pois/Air  7%           16%         3
 Inner Flame              Hex/Fire       6%           17%         3
 Vampiric Draining        Necr           3%           17%         3
 Passage of Golubria      Tloc           N/A          17%         4
 Iskenderun's Mystic Bla  Conj/Tloc      16%          26%         4
 Statue Form              Tmut/Erth      35%          26%         6
 Fulminant Prism          Conj/Hex       3%           41%         4
 Sticky Flame             Conj/Fire      7%           41%         4
 Animate Dead             Necr           3%           45%         4
 Cause Fear               Hex            3%           45%         4
 Dispel Undead            Necr           6%           45%         4
 Olgreb's Toxic Radiance  Pois           6%           45%         4
 Fireball                 Conj/Fire      3%           75%         5
 Agony                    Necr           6%           78%         5
 Silence                  Hex/Air        3%           78%         5
 Death Channel            Necr           3%           99%         6
 Discord                  Hex            3%           100%        8


Dungeon Overview and Level Annotations

Branches:
Dungeon (14/15)            Temple (1/1) D:5            Lair (6/6) D:11
 Shoals (4/4) Lair:4       Spider (4/4) Lair:3        Slime (0/5) Lair:6
    Orc (2/2) D:11            Elf (0/3) Orc:2        Vaults (0/5) D:13
  Sewer (visited)          Bailey (visited)           IceCv (visited)
Volcano (visited)

Altars:
Ashenzari
Cheibriados
Dithmenos
Elyvilon
Fedhas
Gozag
Hepliaklqana
Kikubaaqudgha
Makhleb
Nemelex Xobeh
Okawaru
Qazlal
Ru
Sif Muna
Trog
Uskayaw
Vehumet
Wu Jian
Xom
Yredelemnul
Zin
The Shining One
Beogh

Shops:
D:10 =   D:11 =   Orc:2 =([:*

Annotations:
Lair:3 Dikli's ghost, journeyman MiBe


Innate Abilities, Weirdness & Mutations

You are too large for most types of armour.
((You have claws for hands.))
Your natural rate of healing is unusually fast.
((You are covered in fur. (AC +1)))
((You have extremely tough skin. (AC +3)))
You tend to lose your temper in combat.
((Your flesh is heat resistant. (rF+)))
You are strong-willed. (Will+)
((Your system is resistant to poisons. (rPois)))
Your spells are a little harder to cast, but a little more powerful.


Message History

You are blown backwards!
The merfolk avatar and the merfolk javelineer are blown away by the wind.
Unknown command.
Okay, then.
Unknown command.
Evoke which item? (* to show all) (? for menu, Esc to quit)
Okay, then.
Unknown command.
Okay, then.
As you read the scroll of teleportation, it crumbles to dust.
You feel strangely unstable.
You feel sick.
The merfolk javelineer throws a silver javelin.
The silver javelin pierces through you!
* * * LOW HITPOINT WARNING * * *
The silver sears you!
* * * LOW HITPOINT WARNING * * *
You hear a splash.
The wind drake flaps its wings at you.
The air twists around and violently strikes you in flight!!
You die...

##≈≈≈≈#.......#≈.≈≈≈.≈#≈#≈≈≈≈≈≈≈
≈H≈.#≈#.......#=.#≈#≈≈.≈#≈≈≈≈≈≈≈
#≈.≈≈≈#.......#..≈≈##≈.≈#≈≈≈≈≈≈≈
,,#≈§#§.(.....#†#)≈≈≈≈.≈#≈≈≈≈≈≈≈
,,,,#km(......#(.†.≈#≈≈≈#≈≈≈≈≈≈≈
***#.m......))m#..#≈≈≈≈##≈≈≈≈≈≈≈
≈≈≈.§mm(≈≈≈.k.m(#≈≈≈≈≈##≈≈≈≈≈≈≈≈
≈≈≈≈≈§§≈≈≈≈≈≈..≈≈######≈≈≈≈≈≈≈≈≈
≈≈≈≈≈≈≈≈≈≈≈≈≈≈≈≈D≈≈≈≈≈≈≈≈≈≈≈≈≈≈≈
≈≈≈≈≈≈≈≈≈≈≈≈≈≈≈≈≈m≈≈≈≈≈≈≈≈≈≈≈≈≈≈
≈≈≈≈≈≈≈≈≈≈≈≈≈≈≈≈≈≈≈≈≈≈≈≈≈≈≈≈≈≈≈≈
≈≈≈≈≈≈≈≈≈≈≈≈≈≈≈≈≈≈≈≈≈≈≈≈≈≈≈≈≈≈≈≈
≈≈≈≈≈≈##################≈≈≈≈≈≈≈≈


You could see a merfolk avatar (mesmerising), a merfolk impaler, a merfolk
javelineer and a wind drake (repels missiles, catching breath).

Vanquished Creatures
  Bai Suzhen (Spider:4)
  Saint Roka (Orc:2)
  Arachne (Spider:4)
  Rupert (Lair:3)
  Asterion (Spider:4)
  2 krakens (Shoals:3)
  Kirke (Spider:3)
  The ghost of Amuaxidi the Fencer, an adept FoCK of Xom (Shoals:2)
  3 ghost moths
  3 emperor scorpions
  2 entropy weavers
  A merfolk javelineer (Shoals:4)
  7 merfolk impalers (Shoals:4)
  7 vault guards (D:13)
  Fannar (Lair:3)
  2 boulder beetles
  4 catoblepae (Lair:6)
  8 merfolk aquamancers
  A centaur warrior (D:13)
  4 death yaks
  Erica (D:8)
  A death knight (D:12)
  2 alligator snapping turtles
  5 two-headed ogres
  Urug (Lair:3)
  10 sea snakes
  3 unseen horrors
  2 orc knights
  A necromancer (IceCv)
  Pikel (D:9)
  25 harpies
  2 orc sorcerers (Orc:2)
  12 orb spiders
  2 ugly things
  14 fauns
  3 salamanders (Volcano)
  13 wolf spiders
  7 oklob plants
  A cyclops (D:13)
  27 elephants
  12 manticores
  9 merfolk sirens
  2 moths of wrath (Spider:3)
  3 water nymphs
  11 black mambas
  12 cane toads
  A gargoyle (D:12)
  4 torpor snails
  An efreet (D:13)
  3 ice statues (IceCv)
  13 komodo dragons
  8 ice devils (IceCv)
  3 kobold demonologists
  8 rime drakes
  8 demonic crawlers
  21 merfolk
  7 trolls
  7 hornets
  27 jumping spiders
  3 polar bears
  3 wind drakes
  A polar bear (shapeshifter) (Spider:2)
  A meliai zombie (D:10)
  Grinder (D:3)
  8 snapping turtles
  22 dream sheep
  7 blink frogs
  2 spriggans
  3 wraiths
  A shadow (D:11)
  13 water elementals
  62 redbacks
  24 tarantellas
  11 wyverns
  74 yaks
  6 fire bats (Volcano)
  A basilisk (Lair:5)
  The ghost of ioannis32 the Chopper, an amateur DsBe of Trog (D:3)
  2 steam dragons (Volcano)
  4 vampire mosquitoes (D:13)
  Menkaure (D:5)
  4 wargs (Orc:2)
  A hell hound (Lair:5)
  A soldier ant (D:13)
  14 water moccasins
  40 orc warriors
  3 sky beasts
  A hornet zombie (D:13)
  5 black bears
  An eye of draining (D:13)
  5 ice beasts
  4 phantoms
  7 wolves
  14 ogres
  17 centaurs
  A lemure (D:9)
  14 bullfrogs
  2 wyvern skeletons
  5 scorpions
  9 killer bees
  16 wights
  4 electric eels
  5 howler monkeys
  A bullfrog zombie (D:10)
  3 centaur zombies
  2 draconian simulacra (IceCv)
  A quasit (D:9)
  9 hounds
  3 jellies
  19 orc priests
  Ijyb (D:3)
  2 bullfrog skeletons (D:12)
  4 centaur skeletons
  An iguana (D:6)
  32 orc wizards
  A hell rat (Lair:5)
  4 troll simulacra (IceCv)
  12 worker ants
  A spriggan simulacrum (IceCv)
  A hound skeleton (D:11)
  4 hound zombies
  2 howler monkey zombies
  6 gnolls
  16 adders
  6 river rats (Sewer)
  3 naga simulacra (IceCv)
  A shadow imp (D:8)
  3 white imps
  2 ufetubi (D:5)
  3 adder zombies
  3 worms
  5 dart slugs
  7 leopard geckos
  139 orcs
  5 ball pythons
  6 bats
  5 giant cockroaches
  15 goblins
  4 hobgoblins
  10 jackals
  4 quokkas
  5 frilled lizards
  41 kobolds
  2 leopard gecko skeletons (D:4)
  A leopard gecko zombie (D:8)
  A quokka skeleton (D:7)
  29 rats
  A tentacle (Shoals:3)
1195 creatures vanquished.

Vanquished Creatures (collateral kills)
  A merfolk siren (Shoals:4)
  4 redbacks
5 creatures vanquished.

Vanquished Creatures (others)
  A ghost moth (Spider:4)
  An entropy weaver (Spider:4)
  A spark wasp (Spider:4)
  A hydra (Lair:6)
  A two-headed ogre (Volcano)
  10 death yaks
  A komodo dragon (Volcano)
  An orc knight (Orc:2)
  3 orc sorcerers (Orc:2)
  6 elephants
  2 black mambas (Lair:6)
  A cane toad (Lair:5)
  A rime drake (Lair:5)
  A demonic crawler (Spider:1)
  An ice devil (IceCv)
  A merfolk (Shoals:4)
  A blink frog (Lair:5)
  2 hornets (Spider:4)
  2 tarantellas (Spider:4)
  2 redbacks (Spider:1)
  A fire bat (Volcano)
  4 wyverns
  6 basilisks (Lair:5)
  6 yaks (Lair:6)
  2 humans (Spider:4)
  2 steam dragons (Volcano)
  A water moccasin (Lair:5)
  A hell hound (Lair:5)
  2 orc warriors (Orc:2)
  A black bear (D:11)
  An ogre (Volcano)
  3 killer bees (D:11)
  An orc wizard (Orc:2)
  5 hell rats (Lair:5)
  An ooze (Lair:6)
  5 orcs
  74 fungi
  177 plants
  11 tentacles (Shoals:3)
344 creatures vanquished.

Grand Total: 1544 creatures vanquished

Notes
Turn   | Place    | Note
-------+----------+-------------------------------------------
     0 | D:1      | Armakuni the Troll Hedge Wizard began the quest for the
                  | Orb.
     0 | D:1      | Reached XP level 1. HP: 16/16 MP: 2/2
     3 | D:1      | Noticed a formicid
     3 | D:1      | Noticed a demonspawn
     6 | D:1      | Noticed a centaur
     6 | D:1      | Noticed a ghoul
     8 | D:1      | Noticed an elf
     8 | D:1      | Noticed a troll
    10 | D:1      | Noticed a dwarf
    10 | D:1      | Noticed an octopode
    12 | D:1      | Noticed a human
    12 | D:1      | Noticed a vampire
    14 | D:1      | Noticed a minotaur
    14 | D:1      | Noticed a naga
    16 | D:1      | Noticed a tengu
    16 | D:1      | Noticed a gargoyle
    18 | D:1      | Noticed a merfolk
    18 | D:1      | Noticed a felid
    22 | D:1      | Noticed an ogre
    24 | D:1      | Noticed a demigod
    24 | D:1      | Noticed a draconian
    26 | D:1      | Noticed a halfling
    28 | D:1      | Noticed a vine stalker
    28 | D:1      | Noticed a spriggan
   184 | D:1      | Reached skill level 1 in Unarmed Combat
   240 | D:1      | Reached XP level 2. HP: 26/26 MP: 4/4
   510 | D:1      | Reached skill level 1 in Fighting
   950 | D:2      | Learned a level 2 spell: Blink
   968 | D:2      | Found a hazy altar of Hepliaklqana.
  1025 | D:2      | Reached XP level 3. HP: 32/33 MP: 5/5
  1055 | D:2      | Found a snail-covered altar of Cheibriados.
  1104 | D:2      | Found a basalt altar of Yredelemnul.
  1501 | D:3      | Noticed Ijyb
  1524 | D:3      | Killed Ijyb
  1525 | D:3      | Reached XP level 4. HP: 42/42 MP: 6/6
  1739 | D:3      | Found a runed translucent door.
  1739 | D:3      | Noticed ioannis32's ghost (amateur DsBe)
  1745 | D:3      | Noticed Grinder
  1754 | D:3      | Paralysed by Grinder for 2 turns
  1795 | D:3      | Killed Grinder
  1796 | D:3      | Reached XP level 5. HP: 53/53 MP: 7/7
  1796 | D:3      | Reached XP level 6. HP: 61/61 MP: 8/8
  1902 | D:3      | Learned a level 3 spell: Mephitic Cloud
  1906 | D:3      | Learned a level 3 spell: Conjure Flame
  1972 | D:3      | Found a glowing golden altar of the Shining One.
  1973 | D:3      | Found a sparkling altar of Nemelex Xobeh.
  2149 | D:3      | Gained mutation: You evolve. [potion of mutation]
  2149 | D:3      | Gained mutation: You are strong-willed. (Will+) [potion of
                  | mutation]
  2149 | D:3      | Gained mutation: Your mind is acute. (Int +2) [potion of
                  | mutation]
  2149 | D:3      | Gained mutation: Your system is resistant to poisons.
                  | (rPois) [potion of mutation]
  2161 | D:3      | Killed ioannis32's ghost
  2233 | D:4      | You fall into a shaft and drop 1 floor!
  2233 | D:5      | Entered Level 5 of the Dungeon
  2256 | D:5      | Found a glowing drain.
  2276 | Sewer    | Entered a sewer
  2452 | Sewer    | Reached skill level 5 in Unarmed Combat
  2454 | Sewer    | Reached XP level 7. HP: 65/70 MP: 9/9
  2650 | Sewer    | Gained mutation: You tend to lose your temper in combat.
                  | [evolution]
  3159 | D:4      | Reached skill level 5 in Fighting
  3257 | D:4      | Found a sparkling altar of Nemelex Xobeh.
  3705 | D:5      | Reached XP level 8. HP: 70/81 MP: 10/10
  3855 | D:5      | Gained mutation: Your spells are a little harder to cast,
                  | but a little more powerful. [evolution]
  3865 | D:5      | Noticed Menkaure
  3993 | D:5      | Killed Menkaure
  4141 | D:5      | Found a staircase to the Ecumenical Temple.
  4170 | Temple   | Entered the Ecumenical Temple
  4290 | Temple   | Became a worshipper of Elyvilon the Healer
  4922 | D:6      | Reached XP level 9. HP: 81/92 MP: 11/11
  5312 | D:7      | Reached * piety under Elyvilon
  5368 | D:7      | Found a stormy altar of Qazlal.
  5405 | D:7      | Identified the Incunabulum of Evil Rites
  5561 | D:7      | Reached skill level 1 in Throwing
  5849 | D:7      | Found an opulent altar of Gozag.
  6326 | D:8      | Noticed Erica
  6330 | D:8      | Killed Erica
  6331 | D:8      | Reached skill level 5 in Throwing
  6342 | D:8      | Found a sacrificial altar of Ru.
  6468 | D:8      | Reached XP level 10. HP: 92/102 MP: 12/12
  6514 | D:8      | Reached ** piety under Elyvilon
  6537 | D:8      | Found a shadowy altar of Dithmenos.
  6614 | D:8      | Reached skill level 1 in Invocations
  6698 | D:8      | Gained mutation: Your flesh is heat resistant. (rF+)
                  | [evolution]
  6946 | D:9      | Noticed a two-headed ogre
  6950 | D:9      | Killed a two-headed ogre
  7018 | D:9      | Found a burning altar of Makhleb.
  7162 | D:9      | Noticed Pikel
  7194 | D:9      | Killed Pikel
  7195 | D:9      | Reached skill level 5 in Invocations
  7378 | D:9      | Noticed a red ugly thing
  7388 | D:9      | Killed a red ugly thing
  7679 | D:10     | Entered Level 10 of the Dungeon
  7681 | D:10     | Reached *** piety under Elyvilon
  7750 | D:10     | Reached XP level 11. HP: 77/109 MP: 16/16
  7989 | D:10     | Found Oreghatu's Jewellery Emporium.
  8056 | D:10     | Noticed an unseen horror
  8068 | D:10     | Killed an unseen horror
  8433 | D:11     | Found a staircase to the Lair.
  8434 | D:11     | Noticed an eight-headed hydra
  8629 | D:11     | Reached skill level 10 in Invocations
  8664 | D:11     | Pacified a nine-headed hydra
  8778 | D:11     | Found a staircase to the Orcish Mines.
  8953 | D:11     | Noticed an unseen horror
  8961 | D:11     | Killed an unseen horror
  8983 | D:11     | Lost mutation: Your mind is acute. (Int +2) [evolution]
  8983 | D:11     | Lost mutation: You evolve. [end of evolution]
  9349 | D:11     | Found Raffeseu's Jewellery Emporium.
  9504 | D:11     | Noticed an orc knight
  9510 | D:11     | Killed an orc knight
  9511 | D:11     | Reached XP level 12. HP: 106/118 MP: 18/18
  9711 | Orc:1    | Entered Level 1 of the Orcish Mines
  9804 | Orc:2    | Entered Level 2 of the Orcish Mines
  9864 | Orc:1    | Noticed an ettin
  9878 | Orc:2    | Found a roughly hewn altar of Beogh.
  9879 | Orc:2    | Found Ocwol's Jewellery Boutique.
  9997 | Orc:2    | Bought a cursed -4 ring of intelligence for 36 gold pieces
 10137 | Orc:1    | Reached **** piety under Elyvilon
 10145 | Orc:2    | Reached skill level 5 in Dodging
 10286 | Orc:2    | Found Xyleles's Assorted Antiques.
 10296 | Orc:2    | Bought a scorched bronze ring for 100 gold pieces
 10297 | Orc:2    | Identified the ring "Fofissen" {*Drain Dex+5 Stlth-} (You
                  | bought it in a shop on level 2 of the Orcish Mines)
 10356 | Orc:2    | Found a roughly hewn altar of Beogh.
 10398 | Orc:2    | Found a roughly hewn altar of Beogh.
 10398 | Orc:2    | Found a staircase to the Elven Halls.
 10435 | Orc:2    | Found Loiqu's Book Shop.
 10444 | Orc:2    | Bought a book of Transfigurations for 660 gold pieces
 10453 | Orc:2    | Learned a level 7 spell: Dragon Form
 10607 | Orc:2    | Found a roughly hewn altar of Beogh.
 10703 | Orc:2    | Reached skill level 1 in Transmutations
 10759 | Orc:2    | Noticed Saint Roka
 10763 | Orc:2    | Noticed an orc high priest
 10764 | Orc:2    | Pacified an orc high priest
 10765 | Orc:2    | Reached skill level 2 in Transmutations
 10864 | Lair:1   | Entered Level 1 of the Lair of Beasts
 11112 | Lair:1   | Found an iron altar of Okawaru.
 11132 | Lair:1   | Reached skill level 3 in Transmutations
 11789 | Lair:2   | Reached skill level 4 in Transmutations
 12180 | Lair:2   | Reached ***** piety under Elyvilon
 12392 | Lair:2   | You fall into a shaft and drop 2 floors!
 12419 | Lair:4   | Found a dark tunnel.
 12424 | Volcano  | Entered a volcano
 12441 | Volcano  | Reached XP level 13. HP: 98/126 MP: 19/19
 12758 | Volcano  | Reached skill level 5 in Transmutations
 12845 | Volcano  | Noticed a fire dragon
 12849 | Volcano  | Pacified a fire dragon
 13186 | Lair:4   | Reached skill level 6 in Transmutations
 13344 | Lair:4   | Found a staircase to the Shoals.
 13550 | Lair:4   | Identified a scroll of acquirement
 13550 | Lair:4   | Acquired 630 gold pieces
 13778 | Lair:3   | Noticed Urug
 13785 | Lair:3   | Killed Urug
 13786 | Lair:3   | Reached skill level 7 in Transmutations
 13902 | Lair:3   | Found a hole to the Spider Nest.
 14022 | Lair:3   | Noticed Rupert
 14028 | Lair:3   | Paralysed by Rupert for 6 turns
 14783 | Lair:3   | Found a shimmering altar of Xom.
 14783 | Lair:3   | Noticed Fannar
 14832 | Lair:3   | Killed Rupert
 14834 | Lair:3   | Killed Fannar
 14835 | Lair:3   | Reached XP level 14. HP: 84/131 MP: 18/22
 15046 | Lair:3   | Found a large runed translucent door.
 15046 | Lair:3   | Found a large runed translucent door.
 15047 | Lair:3   | Noticed Dikli's ghost (journeyman MiBe)
 15137 | Lair:4   | Reached skill level 8 in Transmutations
 15828 | Lair:5   | Reached skill level 9 in Transmutations
 16147 | Lair:5   | Found a frozen archway.
 16167 | IceCv    | Entered an ice cave
 17961 | Lair:5   | Reached skill level 10 in Transmutations
 18299 | Lair:5   | Found the +6 Majin-Bo {vamp, MP+6 Int+6}
 18777 | Lair:6   | Entered Level 6 of the Lair of Beasts
 19172 | Lair:6   | Reached XP level 15. HP: 120/148 MP: 23/23
 19248 | Lair:6   | Learned a level 2 spell: Wereblood
 19622 | Lair:6   | Learned a level 1 spell: Beastly Appendage
 19698 | Lair:6   | Found a staircase to the Slime Pits.
 19896 | Lair:6   | Reached skill level 10 in Fighting
 20011 | Lair:6   | Reached skill level 11 in Transmutations
 20231 | Lair:6   | Reached skill level 1 in Translocations
 21220 | D:12     | Noticed Psyche
 21221 | D:12     | Noticed Psyche
 21221 | D:12     | Psyche changed into Psyche the ogre
 21229 | D:12     | Killed Psyche the ogre
 22910 | D:13     | Reached skill level 12 in Transmutations
 22983 | D:13     | Found a gate to the Vaults.
 23579 | D:14     | Acquired the amulet of Tender Moments {RegenMP rElec rC++}
 23618 | D:14     | Found a flagged portal.
 23671 | Bailey   | Entered a bailey
 24164 | D:14     | Found a sparkling altar of Nemelex Xobeh.
 24953 | Orc:2    | Killed Saint Roka
 25100 | Orc:2    | Reached XP level 16. HP: 158/158 MP: 24/24
 25145 | Orc:2    | Found Atruwn's Antique Armour Boutique.
 25147 | Orc:2    | Found Bytweafett's Antique Weapon Shop.
 25147 | Orc:2    | Found a roughly hewn altar of Beogh.
 25239 | Orc:2    | Found a roughly hewn altar of Beogh.
 25733 | Orc:2    | Reached skill level 13 in Transmutations
 26282 | Orc:2    | Bought a scroll of magic mapping for 70 gold pieces
 26389 | Spider:1 | Entered Level 1 of the Spider Nest
 28200 | Spider:2 | Paralysed by a hornet for 1 turns
 28348 | Spider:2 | Reached skill level 1 in Evocations
 28511 | Spider:2 | Reached skill level 14 in Transmutations
 30299 | Spider:3 | Learned a level 5 spell: Yara's Violent Unravelling
 30401 | Spider:4 | Entered Level 4 of the Spider Nest
 30406 | Spider:4 | Noticed Arachne
 30463 | Spider:4 | Killed Arachne
 30620 | Spider:4 | Noticed Asterion
 30637 | Spider:4 | Killed Asterion
 30672 | Spider:4 | Noticed Bai Suzhen
 30699 | Spider:4 | Killed Bai Suzhen
 31065 | Spider:4 | Noticed Kirke
 31151 | Spider:3 | Killed Kirke
 31152 | Spider:3 | Reached XP level 17. HP: 166/166 MP: 22/25
 31177 | Spider:4 | Reached skill level 15 in Transmutations
 31570 | Spider:4 | Got a gossamer rune of Zot
 31846 | Shoals:1 | Entered Level 1 of the Shoals
 32507 | Shoals:1 | Reached skill level 16 in Transmutations
 33524 | Shoals:2 | Found a runed translucent door.
 33529 | Shoals:2 | Noticed Amuaxidi's ghost (adept FoCK)
 33576 | Shoals:2 | Killed Amuaxidi's ghost
 34383 | Shoals:3 | Noticed a kraken
 34391 | Shoals:3 | Killed a kraken
 34672 | Shoals:3 | Reached skill level 17 in Transmutations
 34678 | Shoals:3 | Reached XP level 18. HP: 37/174 MP: 20/26
 35320 | Shoals:4 | Entered Level 4 of the Shoals
 35588 | Shoals:4 | Killed from afar by a wind drake

Illustrated notes

Levels and vault maps discovered:
D:1:      kb_arrival_jail, layout_basic, corexii_item_surrounded_by_moat
D:2:      layout_basic, lemuel_doored_altar, nzn_hepliaklqana_mist_gate,
          kennysheep_slug_shrine
D:3:      layout_rooms, gammafunk_temple_overflow_statue, ebering_ghost_sewer_d,
          uniq_ijyb, uniq_grinder
D:4:      layout_rooms, minivault_1, corexii_checkpoint_a,
          kennysheep_minor_cross, nemelex_lonely_heart_becter
D:5:      layout_basic, minmay_temple_entry_glass, serial_aquarium,
          aquarium_bridge_island_small [aquarium_subvault_small_open,
          aquarium_subvault_window, aquarium_subvault_wall,
          aquarium_subvault_balcony, aquarium_subvault_bridge],
          aquarium_bridge_straight [aquarium_subvault_bridge,
          aquarium_subvault_window, aquarium_subvault_bridge,
          aquarium_subvault_window], aquarium_window_corridor_2,
          aquarium_window_fake, aquarium_view_2d, aquarium_balcony_3b,
          aquarium_pool_2, portal_sewer_entry_d, uniq_menkaure
D:6:      layout_rooms
D:7:      layout_basic, marbit_many_paths, serial_rivers,
          chequers_serial_rivers_room_a, chequers_serial_rivers_micro_b,
          chequers_serial_rivers_room_a, chequers_serial_rivers_micro_c,
          basic_altar
D:8:      layout_rooms, basic_altar, grunt_dithmenos_smoke_and_mirrors,
          uniq_erica
D:9:      layout_roguey, lemuel_crystal_altar, uniq_pikel
D:10:     layout_gridville, serial_shops, kennysheep_mini
D:11:     layout_loops_ring, minmay_lair_entry_grove, david_orc_2, special_room
          [special_room_orc], serial_shops, nicolae_shop_behind_doors
D:12:     layout_gridville, uniq_psyche
D:13:     layout_layer_cave, erik_vaults_2
D:14:     layout_basic, enter_bailey_5, old_standard_altar
Temple:   regret_index_temple_waves
Lair:1:   layout_regular_city, lemuel_centaur_altar
Lair:2:   layout_small_grid, wad_woods_03
Lair:3:   layout_roguey, spider_nest_entry_rubble, ebering_ghost_disaster_area,
          lemuel_oklob_altar, grunt_megastairs_1, uniq_urug, uniq_rupert,
          uniq_fannar
Lair:4:   dpeg_oklob_gauntlet, layout_regular_city,
          minmay_shoals_entry_lonely_mermaid, enter_volcano_4, st_stairs_5
Lair:5:   minmay_lair_oklob_tunnel, layout_cave_pods, portal_ice_cave_rime,
          special_room [special_room_mythical_zoo], nzn_random_ring,
          infiniplex_staircase_pool
Lair:6:   evilmike_catoblepas_cave, layout_loops_ring,
          nicolae_slime_entry_slimehenge
Shoals:1: layout_shoals, nicolae_shoals_aquamancer_cove
Shoals:2: layout_shoals, ebering_ghost_inner_flame
Shoals:3: layout_shoals
Shoals:4: shoals_end_hangedman, layout_shoals, shoals_ilsuiw_alternative,
          ebering_ghost_davey_jones, abandoned_shop,
          nicolae_shoals_arrival_archipelago
Spider:1: layout_spider_delve
Spider:2: layout_spider_delve, nicolae_spider_nook,
          hangedman_spider_tarantella_strand
Spider:3: layout_spider_delve
Spider:4: spider_rune_water, uniq_arachne, uniq_kirke, uniq_bai_suzhen,
          uniq_asterion
Orc:1:    layout_caves, serial_shops
Orc:2:    grunt_orc_community_town_hall, layout_diamond_mine,
          grunt_orc_community_big_house_1, grunt_orc_community_big_house_1,
          grunt_orc_community_house_3, grunt_orc_community_house_1,
          grunt_orc_community_house_3, grunt_orc_community_house_1,
          grunt_orc_community_house_1, serial_shops, nicolae_shop_stone

Skill      XL: |  1  2  3  4  5  6  7  8  9 10 11 12 13 14 15 16 17 18 |
---------------+-------------------------------------------------------+-----
Unarmed Combat | 1 2 4 5 6 8 9 |  9.0
Fighting       | 1 2 3 4 5 6 7 9 10 | 10.0
Throwing       | 5 6 8 9 |  9.5
Invocations    | 8 10 12 | 12.0
Dodging        | 4 7 |  7.3
Transmutations | 4 7 10 12 14 17 | 17.0
Translocations | 3 |  3.0
Evocations     | 4 |  4.0
Spellcasting   | 4 |  4.2
Stealth        | |  1.0
Conjurations   | |  0.6
Summonings     | |  0.6

Action                   |  1- 3 |  4- 6 |  7- 9 | 10-12 | 13-15 | 16-18 || total
-------------------------+-------+-------+-------+-------+-------+-------++-------
Melee: Unarmed           |   101 |   116 |   440 |  1042 |  1827 |   840 ||  4366
       Punch             |       |     1 |    15 |    43 |   107 |    31 ||   197
       Staff             |       |       |       |       |     5 |       ||     5
       Kick              |       |       |       |       |    19 |    11 ||    30
       Headbutt          |       |       |       |       |    18 |     6 ||    24
       Tailslap          |       |       |       |       |       |    67 ||    67
       Bite              |       |       |       |       |       |    50 ||    50
Throw: Large rock        |       |       |       |     4 |    13 |       ||    17
       Boomerang         |       |       |       |       |   176 |    77 ||   253
       Javelin           |       |       |       |       |     6 |       ||     6
       Dart              |       |       |       |       |     4 |       ||     4
 Cast: Beastly Appendage |       |       |       |       |     6 |     7 ||    13
       Wereblood         |       |       |       |       |     2 |     4 ||     6
       Mephitic Cloud    |       |       |       |       |     1 |       ||     1
       Blink             |       |       |       |       |     1 |       ||     1
       Dragon Form       |       |       |       |       |       |    53 ||    53
Invok: Heal Other        |       |       |       |    11 |    53 |    28 ||    92
       Lesser Healing    |       |       |       |     3 |    17 |    21 ||    41
       Greater Healing   |       |       |       |       |     2 |     2 ||     4
       Purification      |       |       |       |       |     3 |     8 ||    11
 Abil: Breathe Fire      |       |       |       |       |       |     6 ||     6
Evoke: Wand              |       |     2 |     8 |    22 |    30 |    76 ||   138
       Condenser vane    |       |       |       |       |     1 |       ||     1
       Tin of tremorston |       |       |       |       |     2 |     5 ||     7
       Box of beasts     |       |       |       |       |     1 |     4 ||     5
       Phantom mirror    |       |       |       |       |       |     5 ||     5
  Use: Scroll            |     8 |     2 |    10 |    14 |    14 |    15 ||    63
       Potion            |       |     4 |       |     5 |    13 |    21 ||    43
 Stab: Sleeping          |     6 |       |       |       |       |     2 ||     8
       Invisible         |       |       |       |     2 |     3 |       ||     5
       Distracted        |       |       |       |       |     1 |     2 ||     3
       Paralysed         |       |       |       |       |    16 |    25 ||    41
       Petrifying        |       |       |       |       |     1 |       ||     1
Armor: Robe              |    30 |    31 |   114 |       |       |       ||   175
       Skin              |    23 |     5 |     6 |       |     3 |   426 ||   463
       Troll leather arm |       |       |    33 |   384 |   621 |   212 ||  1250
Dodge: Dodged            |    44 |    58 |   182 |   541 |   798 |   564 ||  2187
Block: Other             |       |       |       |       |   222 |       ||   222
       Reflection        |       |       |       |       |     8 |       ||     8
